 Dungeon Crawl Stone Soup version 0.29.0-4-gdea44cf6ec (webtiles) character file.

Game seed: 7225344280314858592

341 qw the Chopper (level 6, -4/36 HPs)
             Began as a Tengu Warper on Aug 28, 2022.
             Slain by a gnoll
             ... wielding a +0 halberd
              (7 damage)
             ... on level 4 of the Dungeon.
             The game lasted 00:00:20 (3713 turns).

qw the Chopper (Tengu Warper)                       Turns: 3713, Time: 00:00:20

Health: -4/36      AC:  9    Str: 14    XL:     6   Next: 56%
Magic:  10/10      EV:  7    Int: 13    God:
Gold:   102        SH:  0    Dex: 13    Spells: 9/9 levels left

rFire   . . .      SeeInvis .   Y - +0 war axe
rCold   . . .      Faith    .   (no shield)
rNeg    . . .      Spirit   .   e - +0 chain mail
rPois   +          Reflect  .   (helmet restricted)
rElec   .          Harm     .   (no cloak)
rCorr   .          Rampage  .   a - +0 pair of gloves
Will    .....                   (boots unavailable)
Stlth   ..........              (no amulet)
HPRegen 0.12/turn               k - ring of poison resistance
MPRegen 0.12/turn               (no ring)

@: about to teleport, flying quickly and evasively, quick
A: beak, talons 3, nimble flight
a: no special abilities


You were on level 4 of the Dungeon.
You visited 1 branch of the dungeon, and saw 4 of its levels.

You collected 102 gold pieces.


Innate Abilities, Weirdness & Mutations

You have a beak for a mouth.
You have claws for feet.
Your magical nature lets you fly swiftly and evasively.


   Skills:
 + Level 2.4 Fighting
 - Level 7.0 Axes
 - Level 1.0 Throwing
 - Level 2.0 Armour
 - Level 2.1 Dodging
 - Level 2.0 Spellcasting
 - Level 2.4 Translocations


You had 9 spell levels left.
You didn't know any spells.
Your spell library contained the following spells:

 Spells                   Type           Power      Damage    Failure   Level
 Blink                    Tloc           14%        N/A       98%         2
 Gell's Gravitas          Tloc           7%         N/A       100%        3
 Lesser Beckoning         Tloc           7%         N/A       100%        3
 Teleport Other           Tloc           7%         N/A       100%        3
 Manifold Assault         Tloc           7%         N/A       100%        5

Inventory:

Hand Weapons
 d - a +0 whip
 Y - a +0 war axe (weapon)
Missiles
 h - 5 boomerangs (quivered)
Armour
 a - a +0 pair of gloves (worn)
 e - a +0 chain mail (worn)
Jewellery
 k - a ring of poison resistance (left hand)
Scrolls
 b - a scroll of butterflies {unknown}
 c - a scroll of teleportation
 g - 5 scrolls of identify
Potions
 f - a potion of attraction {unknown}
 i - 2 potions of curing
 j - a potion of cancellation
 l - a potion of invisibility {unknown}
 m - a potion of magic {unknown}

Dungeon Overview and Level Annotations

Branches:
Dungeon (4/15)
 Temple: D:4-7

Altars:

Shops:
D:1 !


Message History

A gnoll comes into view. It is wielding a +0 club.
You slash the gnoll!
You kill the gnoll!
A gnoll comes into view. It is wielding a +0 spear.
3702 ||| Stepping ~*~*~tactically~*~*~ (hiding).
You slash the gnoll!
The gnoll is severely wounded.
The gnoll hits you with a +0 club.
You slash the gnoll!
You kill the gnoll!
A gnoll comes into view. It is wielding a +0 halberd.
The gnoll closely misses you. The gnoll hits you with a +0 spear.
The gnoll hits you from afar with a +0 halberd!
Things that are here:
a +0 whip; a gnoll corpse You hit the gnoll.
Your kick misses the gnoll.
The gnoll is heavily wounded.
The gnoll closely misses you.
You hit the gnoll but do no damage. You claw the gnoll. You peck the gnoll.
The gnoll is severely wounded.
The gnoll hits you but does no damage.
The gnoll hits you from afar with a +0 halberd!
You hit the gnoll.
You kill the gnoll!
The gnoll closely misses you.
The gnoll hits you from afar with a +0 halberd.
The gnoll hits you but does no damage.
You slash the gnoll!
The gnoll is severely wounded.
The gnoll hits you with a +0 halberd.
You closely miss the gnoll. Your kick misses the gnoll.
Your peck misses the gnoll.
The gnoll is severely wounded.
The gnoll hits you with a +0 halberd!
3713 ||| READING 2 scrolls of teleportation.
As you read the scroll of teleportation, it crumbles to dust.
You feel strangely unstable. The gnoll hits you with a +0 halberd!
You die...

..# #...... #.# #)#####
#.# #%#### #####)#
######....## ...#?#
#...>.......
#.#.####...........
#...)..............
#######.).............##
.......@).............#
######g#######........#
#. #........# ..
#........# ##.
####.#.#.# #. .#.#.. ..
.#


You could see a gnoll.

Vanquished Creatures
  A scorpion (D:4)
  A necrophage (D:4)
  An orc priest (D:3)
  An orc wizard (D:3)
  Robin (D:2)
  3 gnolls (D:4)
  5 adders
  7 orcs
  3 ball pythons
  4 bats
  7 endoplasms
  3 giant cockroaches
  20 goblins
  4 hobgoblins
  3 jackals (D:4)
  3 quokkas
  A frilled lizard (D:1)
  7 kobolds
  4 rats
79 creatures vanquished.

Notes
Turn   | Place    | Note
-------+----------+-------------------------------------------
     0 | D:1      | qw the Tengu Warper began the quest for the Orb.
     0 | D:1      | Reached XP level 1. HP: 12/12 MP: 4/4
     0 | D:1      | 0 ||| qw: Version: 0.1-a-89-g26bdef1
     0 | D:1      | 0 ||| qw: Game counter: 2836
     0 | D:1      | 0 ||| qw: Always use a shield: true
     0 | D:1      | 0 ||| qw: God list: Okawaru
     0 | D:1      | 0 ||| qw: Allow faded altars: false
     0 | D:1      | 0 ||| qw: Do Orc after D:15 true
     0 | D:1      | 0 ||| qw: Do second Lair branch before Depths: true
     0 | D:1      | 0 ||| qw: Lair rune preference: random
     0 | D:1      | 0 ||| qw: Plans: Normal
     0 | D:1      | 0 ||| PLANNING D:1-11
    96 | D:1      | 96 ||| Stepping ~*~*~tactically~*~*~ (stealth).
   100 | D:1      | 100 ||| Stepping ~*~*~tactically~*~*~ (stealth).
   101 | D:1      | 101 ||| Stepping ~*~*~tactically~*~*~ (stealth).
   269 | D:1      | Reached XP level 2. HP: 17/17 MP: 6/6
   272 | D:1      | Reached skill level 3 in Axes
   351 | D:1      | Found Zeraps's Distillery.
   444 | D:1      | 444 ||| SHOPLISTING 2 potions of might (104 gold, have 9).
   444 | D:1      | 444 ||| SHOPLISTING potion of curing (39 gold, have 9).
   444 | D:1      | 444 ||| SHOPLISTING potion of heal wounds (65 gold, have
                  | 9).
   444 | D:1      | 444 ||| SHOPLISTING potion of mutation (104 gold, have 9).
   497 | D:1      | 497 ||| SWAPPING to +0 war axe.
   498 | D:1      | 498 ||| DROPPING +0 hand axe.
  1068 | D:1      | 1068 ||| UPGRADING to +0 pair of gloves.
  1073 | D:1      | 1073 ||| UPGRADING to +0 chain mail.
  1083 | D:1      | 1083 ||| DROPPING +0 leather armour.
  1084 | D:1      | 1084 ||| READING 3 scrolls labelled KIFAIV ADILA.
  1085 | D:1      | 1085 ||| READING 2 scrolls of identify.
  1085 | D:1      | 1085 ||| IDENTIFYING yellow potion
  1086 | D:1      | 1086 ||| DROPPING scroll of blinking.
  1117 | D:2      | 1117 ||| STAIRDANCE
  1231 | D:2      | 1231 ||| FLEEEEING.
  1235 | D:2      | 1235 ||| FLEEEEING.
  1236 | D:2      | 1236 ||| FLEEEEING.
  1237 | D:2      | 1237 ||| STAIRDANCE
  1325 | D:2      | Reached XP level 3. HP: 21/21 MP: 7/7
  1328 | D:2      | Reached skill level 4 in Axes
  1388 | D:2      | Found a faded altar of an unknown god.
  1437 | D:2      | 1437 ||| Stepping ~*~*~tactically~*~*~ (stealth).
  1439 | D:2      | 1439 ||| Stepping ~*~*~tactically~*~*~ (stealth).
  1442 | D:2      | 1442 ||| Stepping ~*~*~tactically~*~*~ (stealth).
  1450 | D:2      | Noticed Robin
  1451 | D:2      | 1451 ||| Stepping ~*~*~tactically~*~*~ (hiding).
  1455 | D:2      | 1455 ||| Stepping ~*~*~tactically~*~*~ (hiding).
  1461 | D:2      | Killed Robin
  1469 | D:2      | Reached XP level 4. HP: 21/26 MP: 8/8
  1748 | D:2      | Reached skill level 5 in Axes
  2169 | D:2      | 2169 ||| READING scroll labelled WYHYNIV NOAPN.
  2172 | D:2      | 2172 ||| READING 2 scrolls labelled QALUIFF SEOHU.
  2173 | D:2      | 2173 ||| READING scroll labelled DECOSH INESIAXT.
  2174 | D:2      | 2174 ||| READING 3 scrolls of identify.
  2174 | D:2      | 2174 ||| IDENTIFYING smoky puce potion
  2175 | D:2      | 2175 ||| READING 2 scrolls of identify.
  2175 | D:2      | 2175 ||| IDENTIFYING fizzy inky potion
  2176 | D:2      | 2176 ||| DROPPING scroll of amnesia.
  2177 | D:2      | 2177 ||| DROPPING potion of lignification.
  2441 | D:3      | 2441 ||| Stepping ~*~*~tactically~*~*~ (hiding).
  2456 | D:3      | Gained mutation: Your magical nature lets you fly swiftly
                  | and evasively. [Tengu growth]
  2456 | D:3      | Reached XP level 5. HP: 28/30 MP: 9/9
  3001 | D:3      | Reached skill level 6 in Axes
  3007 | D:3      | 3007 ||| UPGRADING to ring of poison resistance.
  3008 | D:3      | 3008 ||| READING scroll labelled QAYQUB PASUDU.
  3146 | D:3      | 3146 ||| READING scroll labelled YFURYR YMERATT.
  3229 | D:4      | Reached XP level 6. HP: 16/35 MP: 10/10
  3284 | D:4      | 3284 ||| FLEEEEING.
  3288 | D:4      | 3288 ||| FLEEEEING.
  3289 | D:4      | 3289 ||| FLEEEEING.
  3291 | D:4      | 3291 ||| STAIRDANCE
  3417 | D:4      | 3417 ||| Stepping ~*~*~tactically~*~*~ (stealth).
  3418 | D:4      | 3418 ||| Stepping ~*~*~tactically~*~*~ (stealth).
  3605 | D:4      | Reached skill level 7 in Axes
  3702 | D:4      | 3702 ||| Stepping ~*~*~tactically~*~*~ (hiding).
  3712 | D:4      | HP: 3/36 [gnoll/+0 halberd (10)]
  3713 | D:4      | 3713 ||| READING 2 scrolls of teleportation.
  3713 | D:4      | Slain by a gnoll

Levels and vault maps discovered:
D:1:      tarquinn_simple_flora_water_e, layout_basic, serial_shops,
          nicolae_shop_waterfront, chequers_serial_rivers_micro_d
D:2:      layout_basic, shapermc_ecumenical_altar_starsandcircs,
          minmay_bisected, uniq_robin
D:3:      layout_loops_ring, kennysheep_generic_room_4
D:4:      minmay_diamond_boxcup, layout_basic, tgw_kikubaaqudgha,
          vehumet_crystals

Skill      XL: |  1  2  3  4  5  6 |
---------------+-------------------+-----
Axes           | 3 4 5 6 7 |  7.0
Armour         | 2 |  2.0
Fighting       | |  2.4
Throwing       | |  1.0
Dodging        | |  2.1
Spellcasting   | |  2.0
Translocations | |  2.4

Action                   |  1- 3 |  4- 6 || total
-------------------------+-------+-------++-------
Melee: Hand axe          |    16 |       ||    16
       Kick              |    12 |    21 ||    33
       Peck              |     3 |    10 ||    13
       War axe           |    41 |    85 ||   126
       Punch             |       |     2 ||     2
Throw: Boomerang         |    26 |    42 ||    68
  Use: Scroll            |     2 |     8 ||    10
Armor: Leather armour    |     5 |       ||     5
       Chain mail        |    27 |    44 ||    71
Dodge: Dodged            |    16 |    17 ||    33

Table legend:
 A = Non-vault XP
 B = Vault XP
 C = Vault XP percentage of total XP
 D = Non-vault monster count
 E = Vault monster count
 F = Vault count percentage of total count
                 A         B        C        D         E       F
            +---------+---------+-------+---------+---------+-------
      Total |     432 |      56 |  11.5 |      63 |      16 |  20.3
            +---------+---------+-------+---------+---------+-------
        D:1 |      26 |       0 |   0.0 |      14 |       0 |   0.0
        D:2 |      46 |      54 |  54.0 |      17 |      15 |  46.9
        D:3 |     135 |       2 |   1.5 |      19 |       1 |   5.0
        D:4 |     225 |       0 |   0.0 |      13 |       0 |   0.0
            +---------+---------+-------+---------+---------+-------
